 Dungeon Crawl Stone Soup version 0.32-a0-411-g744942f433 (console) character file.

Game seed: 1854133135752263451

58 zenocrate the Ruffian (level 3, 0/36 HPs)
             Began as a Troll Delver on Feb 20, 2024.
             Slain by an orc
             ... wielding a +0 hand axe
              (3 damage)
             ... on level 3 of the Dungeon.
             The game lasted 00:00:35 (152 turns).

zenocrate the Ruffian (Troll Delver)                 Turns: 152, Time: 00:00:36

Health: 0/36       AC:  4    Str: 22    XL:     3   Next: 75%
Magic:  2/2        EV:  9    Int:  6    God:
Gold:   31         SH:  0    Dex: 11    Spells: 2/2 levels left

rFire   . .          .
                       - Unarmed
rCold   . . .        (no shield)
rNeg    . . .        a - +0 robe
rPois   .            (helmet restricted)
rElec   .            (no cloak)
rCorr   .            (gloves unavailable)
SInv    .            (boots unavailable)
Will    .....        (no amulet)
Stlth   ++           (no ring)
HPRegen 1.06/turn    (no ring)
MPRegen 0.08/turn

%: no passive effects
@: lethally poisoned (0 -> -1)
A: large, unfitting armour, claws 3, regeneration 1, shaggy fur 1, tough skin 1
a: no special abilities


You were on level 3 of the Dungeon.
You visited 1 branch of the dungeon, and saw 3 of its levels.

You collected 31 gold pieces.

Inventory:

Armour
 a - a +0 robe (worn)
Wands
 f - a wand of digging (3)
Scrolls
 b - a scroll of fog
 c - a scroll of revelation
 d - a scroll of fear
Potions
 e - a potion of haste
 g - a potion of attraction {unknown}


   Skills:
 - Level 2.4 Fighting
 - Level 1.5 Dodging
 - Level 2.7 Stealth
 * Level 4.1 Unarmed Combat


You had 2 spell levels left.
You didn't know any spells.
Your spell library was empty.

Dungeon Overview and Level Annotations

Branches:
Dungeon (5/15)
 Temple: D:4-7

Altars:


Innate Abilities, Weirdness & Mutations

You are too large for most types of armour.
You have claws for hands.
Your natural rate of healing is unusually fast.
You are covered in fur. (AC +1)
You have tough skin. (AC +1)


Message History

Your Unarmed Combat skill increases to level 4!
Unknown command.
You mangle the orc!!
You kill the orc!
The adder closely misses you. The orc hits you but does no damage.
Unknown command.
You closely miss the orc. The adder bites you but does no damage.
The orc hits you with a +0 hand axe.
Unknown command.
You miss the adder. The adder bites you but does no damage.
The orc hits you with a +0 hand axe. The adder barely misses you.
You scratch the adder.
The adder is severely wounded.
The orc hits you with a +0 hand axe. The adder bites you.
You barely miss the adder.
The adder is severely wounded.
The adder bites you.
You are poisoned.
The adder poisons you! The orc hits you but does no damage.
Unknown command.
You closely miss the adder.
The adder is severely wounded.
You feel sick. The adder bites you but does no damage.
The orc hits you with a +0 hand axe.
Unknown command.
You barely miss the adder.
The adder is severely wounded.
You feel sick. The adder barely misses you. The orc barely misses you.
Unknown command.
You miss the adder.
The adder is severely wounded.
You feel sick. The adder bites you.
* * * LOW HITPOINT WARNING * * *
The adder closely misses you. The orc hits you with a +0 hand axe.
* * * LOW HITPOINT WARNING * * *
Unknown command.
You closely miss the adder.
The adder is severely wounded.
You feel sick. The adder bites you.
* * * LOW HITPOINT WARNING * * *
The orc hits you with a +0 hand axe.
You die...

### ..# ..# ..### ..PP#
.P..### #####
......######...##
....♣....##..>..##
♣~~..............##
~~~~............o.# ##..
~~♣♣............@)##.....
~~♣.............)S......#
~♣~..>.......)..........#
~~..P........)....##.####
.P.♣............[....#
..♣.................##
...#.....##.........#
...............###...#
................ .....
.#.......######.. .###.
.....##


You could see an adder and an orc.

Vanquished Creatures
  An orc wizard (D:3)
  An adder (D:4)
  3 orcs (D:3)
  2 endoplasms
  A hobgoblin (D:3)
  A kobold (D:3)
  A quokka (D:3)
  A bat (D:3)
  2 frilled lizards (D:3)
13 creatures vanquished.

Notes
Turn   | Place    | Note
-------+----------+-------------------------------------------
     0 | D:5      | zenocrate the Troll Delver began the quest for the Orb.
     0 | D:5      | Reached XP level 1. HP: 22/22 MP: 0/0
    12 | D:5      | Noticed a sleepcap
    24 | D:4      | Reached XP level 2. HP: 29/29 MP: 1/1
    60 | D:3      | Reached skill level 3 in Unarmed Combat
   133 | D:3      | Reached XP level 3. HP: 36/36 MP: 2/2
   144 | D:3      | Reached skill level 4 in Unarmed Combat
   152 | D:3      | Slain by an orc

Illustrated notes

Levels and vault maps discovered:
D:3:      layout_rooms, shapermc_ecumenical_altar_mp_urbaneastern,
          serial_bayou_pond_a
D:4:      layout_layer_cave, minmay_temple_entry_mist, grunt_ministairs_6
D:5:      layout_cave_pools, gammafunk_temple_overflow_pools, kennysheep_boxes,
          uniq_ijyb

Skill      XL: |  1  2  3 |
---------------+----------+-----
Unarmed Combat | 3 4 |  4.1
Fighting       | |  2.4
Dodging        | |  1.5
Stealth        | |  2.7

Action                     || total
---------------------------++-------
  Melee: Unarmed           ||    39
   Stab: Sleeping          ||     1
 Armour: Robe              ||    35
  Dodge: Dodged            ||    24

Table legend: (Time is in decaauts)
 A = Elapsed time spent in this place.
 B = Non-inter-level travel time spent in this place.
 C = Inter-level travel time spent in this place.
 D = Time resting spent in this place.
 E = Time spent auto-exploring this place.
 F = Levels seen in this place.
 G = Mean time per level.
                   A        B        C        D        E       F      G
               +--------+--------+--------+--------+--------+-----+--------+
         Total |    149 |    149 |      0 |      8 |     47 |   3 |   49.7 |
       Dungeon |    149 |    149 |      0 |      8 |     47 |   3 |   49.7 |
               +--------+--------+--------+--------+--------+-----+--------+

Top non-repeatable levels by time:
     D:3: 103 daAuts
     D:4: 29 daAuts
     D:5: 16 daAuts
